cohdb
Replays
Latest Replays
All Replays
Popular Replays
Top Player Replays
Match Explorer
How It Works
Community
CoH3 Stats
Reddit
Sign in to upload your games and track your stats! →
Sign in with Steam
Arty Fest
Match 19072642
Overview
Messages
Build Orders
End
Kradschützen Motorcycle Team
Panzergrenadier Squad
Panzergrenadier Squad
Construct Light Support Kompanie
MG34 Team
2.5-tonne Medical Truck
Fire Support Elements
Selects Italian Infantry
Selects Guastatori Squad
Guastatori Squad
Flakvierling Half-track
Selects Registered Artillery
Registered Artillery
Guastatori Squad
Registered Artillery
Selects Defensive Operations
Guastatori Squad
Construct Panzerarmee Kommand
Registered Artillery
Selects Territory Booby Traps
Selects Obice 305mm Barrage
Armored Reserves
Registered Artillery
Tiger Heavy Tank
Registered Artillery
2.5-tonne Medical Truck
Obice 305mm Barrage
Registered Artillery
Registered Artillery
AI Takeover
Daspi
iamrunningthatway
XAPA KENTE
StRoSpHeRe
wayfinder
ßoo
azur
O Gampros Sou
0
0
Comments
sign in to comment!
No comments posted yet!